 Dungeon Crawl Stone Soup version 0.29.1-2-gbd0b4ee654 (webtiles) character file.

Game seed: 411705843692950034

2332 concernfroge the Fighter (level 9, 0/78 HPs)
             Began as a Mummy Monk on Nov 27, 2022.
             Slain by a quasit (3 damage)
             ... summoned by Eustachio
             ... on level 6 of the Dungeon.
             The game lasted 00:19:44 (8035 turns).

concernfroge the Fighter (Mummy Monk)               Turns: 8035, Time: 00:19:44

Health: 0/78       AC: 10    Str: 16      XL:     9   Next: 19%
Magic:  9/9        EV: 10    Int:  9      God:
Gold:   387        SH:  0    Dex: 16 (17) Spells: 8/8 levels left

rFire   x . .      SeeInvis .   g - +2 shortbow
rCold   + . .      Faith    .   (shield currently unavailable)
rNeg    + + +      Spirit   .   i - +1 scale mail
rPois   ∞          Reflect  .   h - +2 helmet
rElec   .          Harm     .   (no cloak)
rCorr   .          Rampage  .   (no gloves)
Will    +....                   (no boots)
Stlth   +.........              (no amulet)
HPRegen 0.23/turn               (no ring)
MPRegen 0.11/turn               (no ring)

@: no status effects
A: cold resistance 1, negative energy resistance 3, torment resistance 2, heat
vulnerability 1, in touch with death 1, no potions
a: no special abilities


You were on level 6 of the Dungeon.
You visited 1 branch of the dungeon, and saw 6 of its levels.

You collected 387 gold pieces.

Inventory:

Hand Weapons
 a - a +0 spear
 g - a +2 shortbow (weapon)
Missiles
 b - 5 boomerangs
 k - a boomerang of dispersal (quivered)
 l - 8 poisoned darts
Armour
 h - a +2 helmet (worn)
 i - a +1 scale mail (worn)
Scrolls
 c - 2 scrolls of identify
 d - a scroll of amnesia
 f - 2 scrolls of noise


   Skills:
 - Level 10.0 Fighting
 - Level 2.4 Polearms
 + Level 6.5 Ranged Weapons
 - Level 2.4 Dodging
 - Level 1.5 Stealth


You had 8 spell levels left.
You didn't know any spells.
Your spell library contained the following spells:

 Spells                   Type           Power      Damage    Failure   Level
 Magic Dart               Conj           0%         1d3       83%         1
 Call Imp                 Summ           0%         N/A       93%         2
 Dazzling Flash           Conj/Hex       0%         N/A       99%         3
 Mephitic Cloud           Conj/Pois/Air  0%         N/A       99%         3
 Iskenderun's Mystic Bla  Conj/Tloc      0%         2d3       100%        4
 Starburst                Conj/Fire      0%         6d3       100%        6


Dungeon Overview and Level Annotations

Branches:
Dungeon (6/15)
 Temple: D:4-7

Altars:
Cheibriados
Hepliaklqana
Makhleb
Sif Muna
Trog

Annotations:
D:6 1 runed translucent door, Crazy Yiuf, Eustachio


Innate Abilities, Weirdness & Mutations

You are immune to poison.
Your flesh is cold resistant. (rC+)
You are immune to negative energy. (rN+++)
You are immune to unholy pain and torment.
You are vulnerable to heat. (rF-)
You are in touch with the powers of death.
You do not drink.


Message History

Aim: Eustachio, wielding a +0 falchion and wearing a +0 leather armour (heavily wounded, 62% to hit)
Okay, then.
Throw: 4 boomerangs (disperse)
Press: ? - help, Q - select action, (/) - cycle Shift-Dir - straight line, f/p - Eustachio
Aim: Eustachio, wielding a +0 falchion and wearing a +0 leather armour (heavily wounded, 56% to hit)
You throw a boomerang of dispersal.
The boomerang of dispersal barely misses Eustachio.
The boomerang of dispersal hits the quokka.
The quokka blinks!
Eustachio gestures wildly while chanting.
Eustachio blinks!
The grasping roots constrict you.
* * * LOW HITPOINT WARNING * * *
Throw: 3 boomerangs (disperse)
Press: ? - help, Q - select action, (/) - cycle Shift-Dir - straight line, f/p - Eustachio
Aim: Eustachio, wielding a +0 falchion and wearing a +0 leather armour (heavily wounded, 56% to hit)
You throw a boomerang of dispersal.
The boomerang of dispersal hits Eustachio but does no damage.
Eustachio is heavily wounded.
The quasit barely misses you.
The quasit claws you but does no damage.
The quasit barely misses you.
Eustachio mumbles some strange words.
Eustachio blinks!
The grasping roots constrict you.
* * * LOW HITPOINT WARNING * * *
The quasit bites you but does no damage.
The quasit claws you.
* * * LOW HITPOINT WARNING * * *
You feel clumsy.
The quasit claws you but does no damage.
Eustachio gestures wildly while chanting.
Eustachio blinks!
The roots lose their grip on you.
Throw: 2 boomerangs (disperse)
Press: ? - help, Q - select action, (/) - cycle Shift-Dir - straight line, f - quasit
Aim: a quasit (summoned, 43% to hit)
You throw a boomerang of dispersal.
The boomerang of dispersal hits the quasit.
The quasit blinks!
The quasit is lightly wounded.
The quasit bites you.
You die...

#.#########
..........#
#########.#
.### #.#
...# #.#
#########
.#.# #.#
#...S....
##.# #.#
#r# ##.#
#.# #S# #.#
#.######@#
#.#
#.§.....5#
#.#
##########
#.# #.#
##.# ...# ♣
#### ###
### ♣♣♣ #.#
#...#♣..


You could see a quasit (summoned), an adder and a quokka (summoned).

Vanquished Creatures
  Pikel (D:4)
  Grinder (D:5)
  Duvessa (D:5)
  An orc warrior (D:5)
  2 black bears
  A centaur (D:6)
  An ogre (D:6)
  2 phantoms
  Blork the orc (D:5)
  2 necrophages
  A scorpion (D:4)
  6 hounds
  An orc priest (D:3)
  Jessica (D:3)
  An iguana (D:4)
  5 orc wizards
  Robin (D:2)
  An adder (D:4)
  5 gnolls
  A white imp (D:6)
  An ufetubus (D:5)
  2 dart slugs
  A worm (D:2)
  8 orcs
  8 ball pythons
  6 bats
  3 endoplasms
  4 giant cockroaches
  13 goblins
  10 hobgoblins
  4 quokkas
  2 frilled lizards (D:2)
  3 kobolds
  3 rats
104 creatures vanquished.

Vanquished Creatures (collateral kills)
  Sigmund (D:5)
  Dowan (D:5)
  An ufetubus (D:4)
  An orc (D:5)
4 creatures vanquished.

Vanquished Creatures (others)
  An orc (D:5)
1 creature vanquished.

Grand Total: 109 creatures vanquished

Notes
Turn   | Place    | Note
-------+----------+-------------------------------------------
     0 | D:1      | concernfroge the Mummy Monk began the quest for the Orb.
     0 | D:1      | Reached XP level 1. HP: 18/18 MP: 1/1
    55 | D:1      | You fall into a shaft and drop 1 floor!
   177 | D:1      | Reached XP level 2. HP: 14/24 MP: 2/2
   849 | D:1      | Reached skill level 4 in Fighting
  1222 | D:2      | Gained mutation: You are in touch with the powers of death.
                  | [Mummy growth]
  1222 | D:2      | Reached XP level 3. HP: 25/30 MP: 3/3
  1349 | D:2      | Found a faded altar of an unknown god.
  1796 | D:3      | Noticed Robin
  1826 | D:2      | Killed Robin
  1828 | D:2      | HP: 1/31 [goblin/+0 club[Robin] (2)]
  2177 | D:3      | Reached XP level 4. HP: 31/38 MP: 4/4
  2430 | D:3      | Reached skill level 5 in Fighting
  2586 | D:3      | Found a bloodstained altar of Trog.
  2662 | D:3      | Found a burning altar of Makhleb.
  2850 | D:3      | Found a shimmering blue altar of Sif Muna.
  3074 | D:3      | Noticed Jessica
  3079 | D:3      | Killed Jessica
  3080 | D:3      | Reached XP level 5. HP: 46/46 MP: 5/5
  3280 | D:4      | Reached skill level 6 in Fighting
  3717 | D:4      | Noticed a phantom
  3745 | D:4      | Reached XP level 6. HP: 50/53 MP: 6/6
  3767 | D:4      | Reached skill level 7 in Fighting
  3860 | D:4      | Noticed Pikel
  4337 | D:5      | Entered Level 5 of the Dungeon
  4339 | D:5      | Noticed Grinder
  4362 | D:5      | Reached skill level 8 in Fighting
  4362 | D:5      | Reached XP level 7. HP: 22/62 MP: 7/7
  4699 | D:6      | Found a runed translucent door.
  4700 | D:6      | Noticed Crazy Yiuf
  5229 | D:6      | Identified the +3 chain mail of Gravity {rPois Regen+}
  5255 | D:6      | Reached skill level 9 in Fighting
  5309 | D:6      | Noticed Eustachio
  5354 | D:5      | Found a snail-covered altar of Cheibriados.
  5354 | D:5      | Noticed Sigmund
  5886 | D:5      | Noticed Blork the orc
  5895 | D:5      | Killed Blork the orc
  6450 | D:4      | Reached skill level 10 in Fighting
  6450 | D:4      | Reached XP level 8. HP: 14/72 MP: 8/8
  6767 | D:4      | Reached skill level 1 in Ranged Weapons
  6799 | D:4      | Killed Pikel
  7025 | D:5      | Killed Sigmund
  7026 | D:5      | Reached skill level 5 in Ranged Weapons
  7264 | D:5      | Noticed Duvessa
  7267 | D:5      | Noticed Dowan
  7275 | D:5      | Killed Dowan
  7283 | D:5      | Killed Duvessa
  7284 | D:5      | Reached XP level 9. HP: 78/78 MP: 9/9
  7291 | D:5      | Killed Grinder
  7453 | D:5      | Found a hazy altar of Hepliaklqana.
  8034 | D:6      | HP: 3/78 [quasit[Eustachio] (1)]
  8035 | D:6      | Slain by a quasit

Illustrated notes

Levels and vault maps discovered:
D:1:      tarquinn_simple_flora_water_b, layout_loops_ring
D:2:      layout_basic, ebering_ecumenical_altar_ruins, minmay_pentomino_v4
D:3:      layout_rooms, lemuel_tele_altar, jmf_multi_god_temple,
          corexii_hall_statues_s, corexii_item_surrounded_by_moat, uniq_robin,
          uniq_jessica
D:4:      layout_rooms, uniq_pikel
D:5:      layout_basic, mainiacjoe_overflow_small_starburst,
          nicolae_hepliaklqana_hippocampus, st_stairs_8, uniq_sigmund,
          uniq_duvessa, uniq_blork_the_orc, uniq_grinder
D:6:      layout_loops_ring, hangedman_abyss_or_decor_lesser_grid,
          chequers_serial_rivers_micro_d, grunt_decor_resistance,
          uniq_eustachio, uniq_crazy_yiuf_cottage

Skill      XL: |  1  2  3  4  5  6  7  8  9 |
---------------+----------------------------+-----
Fighting       | 4 5 6 8 10 | 10.0
Ranged Weapons | 5 6 |  6.5
Polearms       | |  2.4
Dodging        | |  2.4
Stealth        | |  1.5

Action                   |  1- 3 |  4- 6 |  7- 9 || total
-------------------------+-------+-------+-------++-------
Melee: Spear             |   174 |   275 |    28 ||   477
       Punch             |     1 |     3 |       ||     4
 Fire: Shortbow          |       |       |   190 ||   190
Throw: Boomerang         |     4 |    16 |     5 ||    25
       Dart              |       |       |     3 ||     3
Evoke: Wand              |       |       |    10 ||    10
  Use: Scroll            |       |     6 |     9 ||    15
 Stab: Sleeping          |     2 |     1 |       ||     3
Armor: Ring mail         |    51 |   115 |    76 ||   242
       Scale mail        |       |       |    83 ||    83
Dodge: Dodged            |    71 |   114 |   173 ||   358
